 Dungeon Crawl Stone Soup version 0.30-a0-782-ge64f9170bb (webtiles) character file.

Game seed: 16542637420265227950

52120 Grim the Fencer (level 14, -4/135 HPs)
             Began as a Minotaur Berserker on Mar 1, 2023.
             Was a High Priest of Trog.
             Slain by a death yak (18 damage)
             ... on level 4 of the Lair of Beasts.
             The game lasted 00:36:04 (19990 turns).

Grim the Fencer (Minotaur Berserker)               Turns: 19990, Time: 00:36:05

Health: -4/135     AC: 18    Str: 26    XL:     14   Next: 26%
Magic:  13/13      EV: 13    Int:  8    God:    Trog [*****.]
Gold:   1209       SH:  0    Dex: 15    Spells: 13/13 levels left

rFire   + . .      SeeInvis .    Z - +2 great sword
rCold   . . .      Faith    .    (shield currently unavailable)
rNeg    . . .      Spirit   .    B - +1 ring mail "Posutruq" {Fly rPois Slay+3}
rPois   +          Reflect  .    (helmet restricted)
rElec   +          Harm     .    s - +0 cloak
rCorr   .          Rampage  .    G - +2 pair of gloves of Fatheal {rElec rF+ Will+ Str+2}
Will    +++..                    (no boots)
Stlth   +                        f - amulet of the acrobat
HPRegen 0.42/turn                m - +4 ring of protection
MPRegen 0.13/turn                I - +6 ring of dexterity

@: on berserk cooldown, flying, slowed, studying Evocations, very slow
A: horns 2, retaliatory headbutt, iridescent scales 1, deformed body,
strong-willed 1
a: Renounce Religion, Berserk, Trog's Hand, Brothers in Arms


You were on level 4 of the Lair of Beasts.
You worshipped Trog.
Trog was extremely pleased with you.
You visited 2 branches of the dungeon, and saw 18 of its levels.
You also visited: Ossuary and Bailey.

You collected 1579 gold pieces.
You spent 370 gold pieces at shops.

Inventory:

Hand Weapons
 M - a +4 scimitar of flaming
 Z - a +2 great sword (weapon)
Missiles
 b - 8 atropa-tipped darts
 j - 51 poisoned darts
 t - 18 boomerangs (quivered)
 N - a curare-tipped dart
 Y - 5 javelins
Armour
 s - a +0 cloak (worn)
 B - the +1 ring mail "Posutruq" (worn) {Fly rPois Slay+3}
   (You bought it in a shop on level 3 of the Dungeon)

   Slay:      It affects your accuracy & damage with ranged weapons and melee
   (+3).
   rPois:     It protects you from poison.
   Fly:       It grants you flight.
 G - the +2 pair of gloves of Fatheal (worn) {rElec rF+ Will+ Str+2}
   (You bought it in a shop on level 3 of the Dungeon)

   Str:       It affects your strength (+2).
   rF:        It protects you from fire.
   rElec:     It insulates you from electricity.
   Will:      It increases your willpower.
Jewellery
 e - the amulet "Kapnabiu" {rPois Regen+ Str+2 Dex-2}
   (You found it on level 1 of the Lair of Beasts)

   [amulet of regeneration]

   Str:       It affects your strength (+2).
   Dex:       It affects your dexterity (-2).
   rPois:     It protects you from poison.
   Regen:     It increases your rate of health regeneration.
 f - an amulet of the acrobat (around neck)
 m - a +4 ring of protection (left hand)
 F - an amulet of regeneration
 I - a +6 ring of dexterity (right hand)
 P - an amulet of faith
 V - a ring of positive energy
Wands
 a - a wand of flame (8)
 l - a wand of polymorph (22)
 r - a wand of quicksilver (15)
 v - a wand of iceblast (21)
 K - a wand of charming (16)
 S - a wand of mindburst (16)
 X - a wand of digging (8)
Scrolls
 c - 4 scrolls of teleportation
 h - a scroll of torment {unknown}
 k - 2 scrolls of immolation {unknown}
 n - 3 scrolls of fear
 u - 2 scrolls of vulnerability {unknown}
 w - 5 scrolls of noise
 x - 3 scrolls of fog {unknown}
 y - 2 scrolls of brand weapon
 C - 2 scrolls of silence {unknown}
 D - a scroll of enchant armour {unknown}
 J - 2 scrolls of blinking {unknown}
 L - 3 scrolls of enchant weapon
 R - a scroll of amnesia {unknown}
 U - 3 scrolls of magic mapping {unknown}
 W - a scroll of summoning {unknown}
Potions
 d - 2 potions of brilliance
 g - 2 potions of haste
 i - 4 potions of heal wounds
 o - 5 potions of might
 p - 11 potions of curing
 q - 3 potions of lignification
 z - a potion of ambrosia
 A - a potion of invisibility
 E - 3 potions of magic
 H - a potion of cancellation
 O - 2 potions of resistance
 Q - a potion of attraction
 T - 2 potions of flight


   Skills:
 - Level 15.6 Fighting
 - Level 19.1 Long Blades
 - Level 16.8 Armour
 * Level 4.2 Dodging
 + Level 2.8 Evocations


You had 13 spell levels left.
You didn't know any spells.
Your spell library was empty.

Dungeon Overview and Level Annotations

Branches:
Dungeon (13/15)            Temple (0/1) D:5            Lair (5/5) D:9
  Swamp (0/4) Lair:3        Snake (0/4) Lair:3        Slime (0/5) Lair:5
    Orc (0/2) D:10        Ossuary (visited)          Bailey (visited)
 Vaults: D:13-14

Altars:
Cheibriados
Fedhas
Hepliaklqana
Nemelex Xobeh
The Shining One

Shops:
D:2 (   D:3 [   D:6 ?   D:7 !

Annotations:
D:13 Jorgrun
Lair:1 2 transporters, gorillaNest's ghost, novice DEFE


Innate Abilities, Weirdness & Mutations

You have a pair of horns on your head.
You reflexively headbutt those who attack you in melee.
You are partially covered in iridescent scales. (AC +2)
Armour fits poorly on your strangely shaped body.
You are strong-willed. (Will+)


Message History

* * * LOW HITPOINT WARNING * * *
The death yak gores you but does no damage.
You fly upwards.
You are no longer berserk.
You are exhausted.
You feel yourself slow down.
There is a stone staircase leading down here.
You slice the death yak!!
You kill the death yak!
Trog accepts your kill. The elephant tramples you!
* * * LOW HITPOINT WARNING * * *
You hold your ground!
The elephant trunk-slaps you.
* * * LOW HITPOINT WARNING * * *
The death yak gores you!
* * * LOW HITPOINT WARNING * * *
As you read the scroll of fear, it crumbles to dust.
You assume a fearsome visage.
The elephant looks frightened!
The death yak looks frightened!
You see here a death yak corpse.
The elephant tramples the plant.
The plant begins to die.
The elephant completely misses the plant.
The death yak seems to regain its courage.
A nearby plant withers and dies.
The death yak gores you!!
* * * LOW HITPOINT WARNING * * *
The death yak attacks as you move away! The death yak gores you!
* * * LOW HITPOINT WARNING * * *
The death yak closely misses you. You furiously retaliate!
You headbutt the death yak. The death yak attacks as you move away!
The death yak completely misses you.
There is a stone staircase leading up here.
The elephant barely misses you.
The elephant trunk-slaps you but does no damage.
The death yak gores you!
* * * LOW HITPOINT WARNING * * *
The elephant tramples you but does no damage.
The elephant trunk-slaps you but does no damage.
The death yak gores you!!
You die...

..........P.................Y..#
..#.##...P##.####....##..##....#
##.###..###.#####P....#..P.P...#
...............................#
.........>....................##
....###.##.............#.#....##
..PP.##..#............###.#...P#
..†...†..........Y..........†>##
................@Y..........÷.#
.#####...##.P..#...####.#.#...##
.###P.#..###..#...#..#.###.....#
...............................#
..............................##
####...##.##......#.....#.P....#
#.#....##..##....###.#P..##...##
..............................##
...............................#


You could see a death yak and an elephant.

Vanquished Creatures
  Kirke (D:12)
  The ghost of whodunnit the Carver, a journeyman MiMo of Qazlal (Lair:2)
  3 hydras
  3 two-headed ogres
  A catoblepas (Lair:3)
  3 death yaks
  A skyshark (Lair:3)
  Pikel (D:5)
  A bog body (Lair:3)
  4 orc knights
  A deep elf pyromancer (Bailey)
  2 cyclopes
  A moth of wrath (shapeshifter) (D:12)
  13 elephants
  8 black mambas
  Maurice (D:12)
  Joseph (D:7)
  Psyche (D:10)
  A torpor snail (Lair:2)
  A gargoyle (D:11)
  2 rime drakes
  An unseen horror (D:13)
  12 cane toads
  17 komodo dragons
  Maggie (D:8)
  A kobold demonologist (D:9)
  An efreet (D:13)
  2 trolls
  2 polar bears
  2 hornets
  A tarantella (shapeshifter) (D:12)
  Grinder (D:2)
  4 blink frogs
  9 dream sheep
  Sigmund (D:5)
  A shadow (D:11)
  2 wraiths
  3 slime creatures
  A basilisk (Lair:2)
  5 wyverns
  38 yaks
  A hog (D:12)
  2 steam dragons
  2 vampire mosquitoes (D:13)
  Edmund (D:5)
  Menkaure (Ossuary)
  2 acid dragons
  3 nagas (Lair:3)
  18 water moccasins
  8 orc warriors
  An ice beast (D:5)
  2 sky beasts
  3 black bears
  4 ogres
  16 wolves
  6 centaurs
  2 phantoms
  The ghost of zibby the Insei, an amateur OpTm (D:3)
  2 kobold brigands
  10 bullfrogs
  A scorpion (D:5)
  17 wights
  2 troll zombies (Ossuary)
  A howler monkey (D:6)
  7 jellies
  2 centaur zombies (Ossuary)
  7 orc priests
  Crazy Yiuf (D:2)
  5 hounds
  Ijyb (D:5)
  12 iguanas
  14 orc wizards
  An ogre zombie (Ossuary)
  6 mummies (Ossuary)
  Robin (D:2)
  4 gnolls (D:3)
  8 adders
  An ufetubus (D:5)
  5 adder zombies (Ossuary)
  A dart slug (D:3)
  A worm (D:3)
  65 orcs
  6 ball pythons
  7 endoplasms
  3 giant cockroaches
  A gnoll zombie (Ossuary)
  9 goblins
  9 hobgoblins
  2 quokkas
  5 bats
  15 frilled lizards
  2 goblin zombies (Ossuary)
  2 hobgoblin zombies (Ossuary)
  15 kobolds
  4 kobold zombies (Ossuary)
  An orc zombie (Ossuary)
  4 quokka zombies (Ossuary)
  4 rats
  6 rat zombies (Ossuary)
  A bush (D:2)
500 creatures vanquished.

Vanquished Creatures (collateral kills)
  A manticore (D:12)
  3 orcs (Bailey)
4 creatures vanquished.

Vanquished Creatures (others)
  27 fungi
  27 plants
54 creatures vanquished.

Grand Total: 558 creatures vanquished

Notes
Turn   | Place    | Note
-------+----------+-------------------------------------------
     0 | D:1      | Grim the Minotaur Berserker began the quest for the Orb.
     0 | D:1      | Reached XP level 1. HP: 19/19 MP: 0/0
    63 | D:1      | Reached skill level 4 in Long Blades
   170 | D:1      | Reached XP level 2. HP: 25/26 MP: 1/1
   758 | D:2      | Reached skill level 5 in Long Blades
   758 | D:2      | Reached XP level 3. HP: 21/31 MP: 2/2
   811 | D:2      | Found a faded altar of an unknown god.
   815 | D:2      | Reached ** piety under Trog
   987 | D:2      | Noticed Robin
   996 | D:2      | Killed Robin
  1246 | D:2      | Reached XP level 4. HP: 39/39 MP: 3/3
  1351 | D:2      | Found Qong's Weapon Boutique.
  1646 | D:2      | Found a runed translucent door.
  1647 | D:2      | Noticed Crazy Yiuf
  1654 | D:2      | Killed Crazy Yiuf
  1655 | D:2      | Reached skill level 6 in Long Blades
  1895 | D:3      | Noticed an ogre
  1904 | D:3      | Reached skill level 7 in Long Blades
  1904 | D:3      | Reached XP level 5. HP: 37/45 MP: 4/4
  1907 | D:3      | Killed an ogre
  1990 | D:3      | Found a large runed translucent door.
  1990 | D:3      | Found a large runed translucent door.
  1997 | D:3      | Noticed zibby's ghost (amateur OpTm)
  2052 | D:3      | Reached skill level 8 in Long Blades
  2055 | D:3      | Noticed Grinder
  2089 | D:2      | Killed Grinder
  2090 | D:2      | Reached skill level 9 in Long Blades
  2090 | D:2      | Reached XP level 6. HP: 51/51 MP: 5/5
  2319 | D:3      | Found Dawkit Ofet's Antique Armour Emporium.
  2492 | D:3      | Killed zibby's ghost
  2568 | D:4      | Reached skill level 10 in Long Blades
  2568 | D:4      | Reached XP level 7. HP: 57/57 MP: 6/6
  2700 | D:4      | Found a sand-covered staircase.
  2709 | Ossuary  | Entered an ossuary
  2771 | Ossuary  | Noticed Menkaure
  2782 | Ossuary  | Killed Menkaure
  2796 | Ossuary  | Reached skill level 11 in Long Blades
  3121 | Ossuary  | Reached XP level 8. HP: 48/64 MP: 7/7
  3374 | Ossuary  | Reached *** piety under Trog
  3613 | D:4      | Reached skill level 12 in Long Blades
  4102 | D:5      | Entered Level 5 of the Dungeon
  4140 | D:5      | Reached skill level 13 in Long Blades
  4232 | D:5      | Noticed Edmund
  4247 | D:5      | Killed Edmund
  4378 | D:5      | Noticed Sigmund
  4382 | D:5      | Killed Sigmund
  4383 | D:5      | Reached skill level 14 in Long Blades
  4398 | D:5      | Reached XP level 9. HP: 66/70 MP: 8/8
  4440 | D:5      | Noticed Pikel
  4457 | D:5      | Killed Pikel
  4458 | D:5      | Reached skill level 15 in Long Blades
  4520 | D:5      | Found a staircase to the Ecumenical Temple.
  4716 | D:5      | Noticed Ijyb
  4726 | D:5      | Killed Ijyb
  5239 | D:3      | Bought a pair of translucent gloves for 190 gold pieces
  5239 | D:3      | Identified the +2 pair of gloves of Fatheal {rElec rF+
                  | Will+ Str+2} (You bought it in a shop on level 3 of the
                  | Dungeon)
  5526 | D:6      | Reached skill level 16 in Long Blades
  5893 | D:6      | Found Oxiokix's Magic Scroll Shoppe.
  5907 | D:6      | Identified 2 scrolls of acquirement
  5909 | D:6      | Acquired a +3 double sword of electrocution
  5911 | D:6      | Acquired 386 gold pieces
  6034 | D:3      | Bought a faintly glowing ring mail for 180 gold pieces
  6034 | D:3      | Identified the +1 ring mail "Posutruq" {Fly rPois Slay+3}
                  | (You bought it in a shop on level 3 of the Dungeon)
  6386 | D:7      | Reached skill level 17 in Long Blades
  6386 | D:7      | Reached XP level 10. HP: 67/77 MP: 9/9
  6535 | D:7      | Reached **** piety under Trog
  6556 | D:7      | Found Givotag's Distillery.
  6805 | D:7      | Noticed Joseph
  6825 | D:7      | Killed Joseph
  6999 | D:7      | Found a blossoming altar of Fedhas.
  7070 | D:8      | Reached skill level 18 in Long Blades
  7170 | D:8      | Found a hazy altar of Hepliaklqana.
  7170 | D:8      | Found a glowing golden altar of the Shining One.
  7307 | D:8      | Noticed Maggie
  7314 | D:8      | Killed Maggie
  7565 | D:8      | Found a sparkling altar of Nemelex Xobeh.
  7894 | D:8      | Reached skill level 19 in Long Blades
  8007 | D:9      | Reached skill level 5 in Fighting
  8234 | D:9      | Found a staircase to the Lair.
  8591 | D:10     | Entered Level 10 of the Dungeon
  8683 | D:10     | Acquired a manual of Evocations
  8699 | D:10     | Found a flagged portal.
  8708 | Bailey   | Entered a bailey
  8769 | Bailey   | Found a large runed translucent door.
  8769 | Bailey   | Found a large runed translucent door.
  8769 | Bailey   | Noticed an orc knight
  8770 | Bailey   | Noticed a deep elf pyromancer
  8802 | Bailey   | Killed an orc knight
  8803 | Bailey   | Reached XP level 11. HP: 28/92 MP: 10/10
  9043 | Bailey   | Killed a deep elf pyromancer
  9203 | Bailey   | Identified the +6 halberd of the End {pain, Fly rPois
                  | Dex+4}
  9409 | D:10     | Noticed a two-headed ogre
  9418 | D:10     | Killed a two-headed ogre
  9551 | D:10     | Noticed Psyche
  9556 | D:10     | Killed Psyche
  9940 | D:10     | Noticed an orc knight
  9940 | D:10     | Found a staircase to the Orcish Mines.
  9944 | D:10     | Noticed an orc knight
  9950 | D:10     | Noticed an orc knight
  9957 | D:10     | Killed an orc knight
  9958 | D:10     | Reached skill level 10 in Fighting
  9971 | D:10     | Killed an orc knight
 10287 | D:10     | Killed an orc knight
 11264 | D:12     | Noticed a two-headed ogre
 11269 | D:12     | Killed a two-headed ogre
 11607 | D:12     | Noticed Maurice
 11615 | D:12     | Killed Maurice
 12164 | D:12     | Reached XP level 12. HP: 82/116 MP: 11/11
 12412 | D:12     | Noticed a two-headed ogre
 12419 | D:12     | Killed a two-headed ogre
 12685 | D:12     | Noticed Kirke
 12697 | D:12     | Killed Kirke
 12973 | D:13     | Reached skill level 15 in Fighting
 13465 | D:13     | Noticed a death knight
 13465 | D:13     | Noticed Jorgrun
 13752 | Lair:1   | Entered Level 1 of the Lair of Beasts
 13798 | Lair:1   | Found a snail-covered altar of Cheibriados.
 13825 | Lair:1   | Gained mutation: You are partially covered in iridescent
                  | scales. (AC +2) [potion of mutation]
 13825 | Lair:1   | Gained mutation: You have sharp toenails. [potion of
                  | mutation]
 13826 | Lair:1   | Lost mutation: You have sharp toenails. [potion of
                  | mutation]
 13826 | Lair:1   | Lost mutation: You are partially covered in iridescent
                  | scales. (AC +2) [potion of mutation]
 13826 | Lair:1   | Gained mutation: Armour fits poorly on your strangely
                  | shaped body. [potion of mutation]
 13826 | Lair:1   | Gained mutation: You are strong-willed. (Will+) [potion of
                  | mutation]
 13826 | Lair:1   | Gained mutation: You are partially covered in iridescent
                  | scales. (AC +2) [potion of mutation]
 13897 | Lair:1   | Reached skill level 5 in Armour
 14032 | Lair:1   | Identified the amulet "Kapnabiu" {rPois Regen+ Str+2 Dex-2}
 14115 | Lair:1   | Found a transporter.
 14341 | Lair:1   | Noticed gorillaNest's ghost (novice DEFE)
 14349 | Lair:1   | Found a transporter.
 14627 | Lair:2   | Noticed a seven-headed hydra
 14936 | Lair:2   | Killed a three-headed hydra
 15070 | Lair:2   | Noticed a five-headed hydra
 15097 | Lair:1   | Killed a three-headed hydra
 15313 | Lair:2   | Found a runed translucent gate.
 15314 | Lair:2   | Found a runed translucent gate.
 15315 | Lair:2   | Found a runed translucent gate.
 15339 | Lair:2   | Noticed whodunnit's ghost (journeyman MiMo)
 15539 | Lair:2   | Reached skill level 10 in Armour
 15540 | Lair:2   | Reached XP level 13. HP: 75/127 MP: 12/12
 16046 | Lair:2   | Killed whodunnit's ghost
 17426 | Lair:3   | Reached ***** piety under Trog
 17837 | Lair:3   | Found a staircase to the Snake Pit.
 17959 | Lair:3   | Reached skill level 15 in Armour
 18197 | Lair:3   | Found a staircase to the Swamp.
 18202 | Lair:3   | Received a gift from Trog
 18808 | Lair:4   | Reached XP level 14. HP: 106/135 MP: 13/13
 19580 | Lair:5   | Entered Level 5 of the Lair of Beasts
 19619 | Lair:5   | Found a staircase to the Slime Pits.
 19632 | Lair:5   | Reached skill level 1 in Evocations
 19990 | Lair:4   | Slain by a death yak

Illustrated notes

Levels and vault maps discovered:
D:1:      minmay_arrival_radiant_lines, layout_loops_ring
D:2:      layout_loops_ring, serial_shops, shop,
          shapermc_ecumenical_altar_mp_ritualfount, st_stairs_12,
          uniq_crazy_yiuf_cottage, uniq_robin
D:3:      layout_basic, serial_shops, shop, ebering_ghost_disaster_area,
          uniq_grinder
D:4:      layout_basic, enter_ossuary_1
D:5:      nicolae_cairo_tiling, layout_basic, minmay_temple_entry_slanted,
          uniq_ijyb, uniq_pikel, uniq_sigmund, uniq_edmund
D:6:      layout_rooms, serial_shops, kennysheep_little_box
D:7:      layout_loops_ring, fedhas_altar_4, serial_shops, shop,
          grunt_decor_cap, chequers_serial_rivers_micro_d, grunt_ministairs_12,
          uniq_joseph
D:8:      layout_cave_pools, kennysheep_mini, mainiacjoe_overflow_divided_tiny,
          kennysheep_another_room, uniq_maggie
D:9:      layout_roguey, david_lair_shrubbed
D:10:     layout_long_grid, david_orc_5, enter_bailey_6, lightli_orcish_oven,
          uniq_psyche
D:11:     layout_rooms, kennysheep_generic_room_15
D:12:     layout_basic, uniq_maurice, uniq_kirke
D:13:     kennysheep_treasure_stockpile, layout_loops_ring, uniq_jorgrun
Lair:1:   layout_chaotic_city, gammafunk_ghost_berserking_beasts, basic_altar,
          grunt_megastairs_4
Lair:2:   layout_hall_layers, gammafunk_ghost_split
Lair:3:   lemuel_reptile_caves, layout_cave_shapes, skrybe_swamp_entry_bodies,
          minmay_snake_entry_guardpost_small, cheibrodos_lair_caveside_slide,
          nzn_random_ring
Lair:4:   layout_long_grid
Lair:5:   evilmike_catoblepas_cave, layout_loops_ring,
          nicolae_slime_entry_field_trip, ebering_ghost_rock_garden,
          uniq_josephine

Skill      XL: |  1  2  3  4  5  6  7  8  9 10 11 12 13 14 |
---------------+-------------------------------------------+-----
Long Blades    | 4 5 7 9 10 11 14 17 19 | 19.1
Fighting       | 7 13 15 | 15.6
Armour         | 10 16 | 16.8
Evocations     | 2 |  2.8
Dodging        | 4 |  4.2

Action                     |  1- 3 |  4- 6 |  7- 9 | 10-12 | 13-15 || total
---------------------------+-------+-------+-------+-------+-------++-------
  Melee: Falchion          |    88 |   143 |   330 |       |       ||   561
         Headbutt          |    11 |    43 |    83 |    92 |    96 ||   325
         Punch             |       |     2 |     3 |     9 |     4 ||    18
         Double sword      |       |       |    28 |   436 |   217 ||   681
         Long sword        |       |       |     6 |       |       ||     6
         Scimitar          |       |       |       |    15 |    25 ||    40
         Great sword       |       |       |       |       |   131 ||   131
  Throw: Dart              |       |     2 |       |       |       ||     2
 Invoke: Berserk           |     1 |     5 |    10 |    13 |     3 ||    32
         Trog's Hand       |       |     1 |     6 |     8 |       ||    15
         Brothers in Arms  |       |       |       |     2 |       ||     2
    Use: Scroll            |       |       |    12 |    10 |     8 ||    30
         Potion            |       |       |       |     2 |     3 ||     5
   Stab: Petrified         |       |       |       |       |     1 ||     1
 Armour: Leather armour    |    25 |     2 |       |       |       ||    27
         Animal skin       |     1 |       |       |       |       ||     1
         Chain mail        |       |    30 |   135 |       |       ||   165
         Ring mail         |       |       |     8 |   174 |   159 ||   341
  Dodge: Dodged            |    49 |    40 |   117 |   322 |   264 ||   792

Table legend: (Time is in decaauts)
 A = Elapsed time spent in this place.
 B = Non-inter-level travel time spent in this place.
 C = Inter-level travel time spent in this place.
 D = Time resting spent in this place.
 E = Time spent auto-exploring this place.
 F = Levels seen in this place.
 G = Mean time per level.
                   A        B        C        D        E       F      G
               +--------+--------+--------+--------+--------+-----+--------+
         Total |  19964 |  18646 |   1318 |   5019 |  10538 |  20 |  998.2 |
       Dungeon |  12768 |  11636 |   1132 |   2471 |   7331 |  13 |  982.2 |
          Lair |   5909 |   5724 |    185 |   2040 |   2763 |   5 | 1181.8 |
       Ossuary |    717 |    717 |      0 |    227 |    311 |   1 |  717.0 |
        Bailey |    569 |    569 |      0 |    280 |    133 |   1 |  569.0 |
               +--------+--------+--------+--------+--------+-----+--------+

Top non-repeatable levels by time:
    D:12: 1931 daAuts
  Lair:3: 1745 daAuts
    D:10: 1452 daAuts
  Lair:2: 1424 daAuts
  Lair:4: 1391 daAuts
     D:5: 1261 daAuts
  Lair:1: 1226 daAuts
     D:2: 1152 daAuts
     D:4: 1073 daAuts
     D:3: 892 daAuts
     D:8: 889 daAuts
     D:9: 879 daAuts
     D:7: 807 daAuts
 Ossuary: 717 daAuts
    D:11: 715 daAuts
